 Dungeon Crawl Stone Soup version bcrawl-1.41.1 (webtiles) character file.

Game seed: 4793491837064619060

147644 Grimmash the Sneak (level 4, -2/25 HPs)
             Began as a Skeleton Archaeologist on Apr 18, 2024.
             Was an Initiate of Cheibriados.
             Slain by Sigmund
             ... wielding a +0 scythe
              (3 damage)
             ... on level 2 of the Dungeon.
             The game lasted 00:02:14 (1611 turns).

Grimmash the Sneak (Skeleton Archaeologist)         Turns: 1611, Time: 00:02:15

Health: -2/25      AC:  6    Str: 18 (19) XL:     4   Next: 35%
Magic:  0/6        EV: 12    Int: 14      God:    Cheibriados [......]
Gold:   40         SH:  0    Dex:  7 (8)  Spells: 5/5 levels left

rFire    . . .     GDR:     19% a - +0 whip
rCold    + . .     SeeInvis .   (no shield)
rNeg     + + +     Gourm    .   m - +0 leather armour
rPois    ∞         Faith    .   d - +1 hat
rElec    .         Spirit   +   (no cloak)
rCorr    .         Reflect  .   (no gloves)
MR       .....                  e - +1 pair of boots
Stlth    ++........             (no amulet)
HPRegen  0.14/turn              (no ring)
MPRegen  0.10/turn              (no ring)

@: very slow
A: no food or potions, cold resistance 1, deterioration 1, negative energy
resistance 3, torment resistance, unbreathing, magic shield, sturdy frame 1,
spell healing
a: Bend Time, Renounce Religion


You were on level 2 of the Dungeon.
You worshipped Cheibriados.
Cheibriados was noncommittal.
You were not hungry.

You visited 1 branch of the dungeon, and saw 2 of its levels.

You collected 40 gold pieces.

Inventory:

Hand Weapons
 a - a +0 whip (weapon)
 b - a +0 blowgun
Missiles
 f - a curare-tipped needle
Armour
 d - a +1 hat (worn)
 e - a +1 pair of boots (worn)
 m - a +0 leather armour (worn)
Scrolls
 g - 2 scrolls of revelation
Miscellaneous
 h - a dusty tome


   Skills:
 * Level 1.4 Fighting
 * Level 3.0 Maces & Flails
 * Level 1.1 Armour
 * Level 3.8 Dodging
 + Level 3.8 Stealth
 * Level 1.4 Spellcasting


You had 5 spell levels left.
You didn't know any spells.
Your spell library was empty.

Dungeon Overview and Level Annotations

Branches:
Dungeon (2/12)

Altars:
Cheibriados

Annotations:
D:2 Sigmund


Innate Abilities, Weirdness & Mutations

You do not eat or drink.
You are immune to poison.
Your flesh is cold resistant. (rC+)
Your body sometimes deteriorates upon taking damage.
You are immune to negative energy. (rN+++)
You are immune to unholy pain and torment.
You can survive without breathing.
When hurt, damage is shared between your health and your magic reserves.
Your movements are slightly less encumbered by armour. (ER -2)
Casting spells heals you.


Message History

Press: ? - help, Shift-Dir - straight line, f/p - Sigmund
Aim: Sigmund, wielding a +0 scythe and wearing a +0 robe (almost dead, slow)
Okay, then.
You can't drink.
Unknown command.
Sigmund is no longer moving slowly.
Sigmund gestures wildly while chanting.
Sigmund flickers and vanishes!
Deactivating autopickup; reactivate with Ctrl-A.
You bump into the rock wall.
You hear some strange, mumbled words.
A puff of flame appears from out of thin air!
The puff of flame hits you!
* * * LOW HITPOINT WARNING * * *
No path to travel!
No path to travel!
a - a +0 whip (weapon)
You feel less confused. Something hits you.
You die...

#.# # #.# ....####### #.
#.# ........... ###.# #.#
.........# .....# #.#
.........# ......# #.#
#.....#..#
.......####.####........#
..............##.#.......
........###.#{@..........
#.....#.# #.####.####.#.#
#.... #.# #.###...###.#
#.#. ##.###...........# #
# ##...######...#####
#.###.....######.##
#................#
###.....######## ##...##


There were no monsters in sight!

Vanquished Creatures
  Jessica (D:2)
  An adder (D:2)
  2 dart slugs
  A ball python (D:1)
  4 bats
  3 giant cockroaches (D:1)
  2 goblins (D:2)
  11 hobgoblins
  9 jackals
  5 kobolds (D:1)
  2 frilled lizards
  5 rats
46 creatures vanquished.

Notes
Turn   | Place    | Note
-------+----------+-------------------------------------------
     0 | D:1      | Grimmash the Skeleton Archaeologist began the quest for the
                  | Orb.
     0 | D:1      | Reached XP level 1. HP: 12/12 MP: 1/1
   400 | D:1      | Reached XP level 2. HP: 16/16 MP: 2/2
   597 | D:1      | Reached skill level 1 in Armour
   597 | D:1      | Reached XP level 3. HP: 18/20 MP: 4/4
   655 | D:1      | Got a glittering wooden ring
   739 | D:1      | Reached skill level 1 in Spellcasting
  1178 | D:2      | Noticed Jessica
  1185 | D:2      | Killed Jessica
  1250 | D:2      | Reached XP level 4. HP: 21/25 MP: 4/6
  1296 | D:2      | Found a snail-covered altar of Cheibriados.
  1319 | D:2      | Became a worshipper of Cheibriados the Contemplative
  1386 | D:2      | Identified the cursed ring "Seczi" {rC- MR++ Stlth--} (You
                  | found it on level 1 of the Dungeon)
  1589 | D:2      | Noticed Sigmund
  1610 | D:2      | HP: 1/25 [something/puff of flame (9)]
  1611 | D:2      | Slain by Sigmund

Skill      XL: |  1  2  3  4 |
---------------+-------------+-----
Armour         | 1 |  1.1
Maces & Flails | 2 3 |  3.0
Spellcasting   | 1 |  1.4
Fighting       | |  1.4
Dodging        | |  3.8
Stealth        | |  3.8

Action                   |  1- 3 |  4- 6 || total
-------------------------+-------+-------++-------
Melee: Whip              |   145 |    95 ||   240
 Fire: Blowgun           |       |     5 ||     5
  Use: Scroll            |       |     4 ||     4
 Stab: Sleeping          |     3 |       ||     3
Armor: Robe              |    65 |    28 ||    93
       Leather armour    |       |     8 ||     8
Dodge: Dodged            |   126 |    75 ||   201
